AoeStats
← OaRMäR

Arabia

506406237Analyzed
1v1 RM · 20d ago on Sep 13, 2026· 69m 56s· 2 players
Game mode
Random Map
Map size
Tiny (2 player)
Population
200
Speed
Normal
Resources
Standard
Victory
Conquest
Starting age
Dark Age
Ending age
Imperial Age
RankedLock teamsTeams togetherTeam positionsShared explorationLock speedFull tech treeHidden civsTurbo modeCheats
Victory
Defeat
🇩🇪 Mongols · Germany
1087
+17
🇫🇷 Koreans · France
1105
-17
dickerwilli1
9:06 Loom
10:52 Feudal Age
12:08 Town Watch
15:20 Castle Age
14:26 Double-Bit Axe
14:37 Stone Mining
20:58 Bow Saw
30:56 Imperial Age
30:03 Fletching
30:59 Gold Mining
34:28 Bodkin Arrow
36:33 Ballistics
39:58 Conscription
42:08 Wheelbarrow
49:08 Padded Archer Armor
49:20 Bracer
49:20 Padded Archer Armor
52:21 Stone Shaft Mining
53:20 Herbal Medicine
54:42 Leather Archer Armor
57:14 Scale Barding Armor
58:15 Elite Mangudai
64:44 Nomads
OaRMäR
9:07 Loom
10:53 Feudal Age
12:14 Double-Bit Axe
16:45 Town Watch
19:43 Castle Age
17:44 Fletching
17:36 Horse Collar
20:51 Wheelbarrow
20:27 Gambesons
20:47 Bodkin Arrow
28:22 Scale Barding Armor
28:40 Light Cavalry
36:18 Bow Saw
35:59 Gold Mining
40:56 Imperial Age
39:27 Chain Barding Armor
39:31 Heavy Plow
40:24 Forging
41:00 Cavalier
41:19 Capped Ram
47:30 Iron Casting
50:32 Elite Skirmisher
52:05 Stone Mining
52:43 Bracer
54:58 Chemistry
56:56 Masonry
60:34 Conscription
61:30 Ballistics
61:03 Hussar
Connection lost

Rejoining the realm…

Still unreachable

The connection could not be restored.

Session expired

The server has moved on; the page needs a fresh start.